 Dungeon Crawl Stone Soup version 0.25-a0-353-ged6d54792d (webtiles) character file.

Game seed: 14282628123094944778, levelgen mode: deterministic

2267 mopl the Ruffian (level 9, -4/96 HPs)
             Began as a Minotaur Transmuter on Jan 2, 2020.
             Was an Initiate of Cheibriados.
             Slain by a two-headed ogre
             ... wielding a +0 giant spiked club
              (5 damage)
             ... on level 7 of the Dungeon.
             The game lasted 00:14:19 (7310 turns).

mopl the Ruffian (Minotaur Transmuter)              Turns: 7310, Time: 00:14:19

Health: -4/96      AC:  9    Str: 20    XL:     9   Next: 16%
Magic:  12/13      EV: 12    Int: 14    God:    Cheibriados [......]
Gold:   219        SH:  0    Dex: 13    Spells: 4/15 levels left

rFire    + . .     SeeInvis .     - Unarmed
rCold    + . .     Gourm    +   (no shield)
rNeg     . . .     Faith    .   c - +3 leather armour
rPois    .         Spirit   .   (helmet restricted)
rElec    .         Reflect  .   (no cloak)
rCorr    .         Harm     .   y - +0 pair of gloves
MR       .....                  g - +1 pair of boots
Stlth    ..........             B - amulet of the gourmand
HPRegen  0.26/turn              u - ring of protection from cold
MPRegen  0.13/turn              o - ring of protection from fire

@: berserking, slow
A: retaliatory headbutt, horns 2
a: Bend Time, Renounce Religion


You were on level 7 of the Dungeon.
You worshipped Cheibriados.
Cheibriados was noncommittal.
You were completely stuffed.

You visited 2 branches of the dungeon, and saw 8 of its levels.
You also visited: Ossuary.

You collected 219 gold pieces.

Inventory:

Missiles
 a - 98 arrows
 e - 185 stones
 h - 71 sling bullets
 v - 7 poisoned darts (quivered)
 x - 2 throwing nets
Armour
 c - a +3 leather armour (worn)
 g - a +1 pair of boots (worn)
 y - a +0 pair of gloves (worn)
Jewellery
 l - an uncursed ring of see invisible
 o - a ring of protection from fire (right hand)
 u - a ring of protection from cold (left hand)
 B - an amulet of the gourmand (around neck)
 D - an uncursed ring of wizardry
Scrolls
 b - 2 scrolls of enchant weapon {unknown}
 j - a scroll of remove curse {unknown}
 m - 3 scrolls of teleportation
 n - 2 scrolls of magic mapping {unknown}
 p - 2 scrolls of blinking {unknown}
 r - 2 scrolls of amnesia {unknown}
 s - 2 scrolls of fear {unknown}
 A - a scroll of immolation {unknown}
 G - 2 scrolls of fog {unknown}
Potions
 f - a potion of invisibility
 i - 2 potions of ambrosia
 k - 2 potions of curing
 q - a potion of resistance
 t - a potion of agility
 z - 2 potions of flight
 C - a potion of heal wounds {unknown}
 E - a potion of berserk rage {!q}
 F - 2 potions of mutation {unknown}
 H - a potion of magic
 J - a potion of lignification {!q}
Comestibles
 d - 13 rations
 I - 4 chunks of flesh


   Skills:
 + Level 1.3 Fighting
 + Level 4.4 Throwing
 + Level 2.2 Dodging
 + Level 6.5 Unarmed Combat
 + Level 3.6 Spellcasting
 + Level 1.6 Hexes
 * Level 6.3 Transmutations
 - Level 2.0 Ice Magic
 - Level 1.2 Poison Magic
 + Level 0.2 Invocations


You had 4 spell levels left.
You knew the following spells:

 Your Spells              Type           Power        Failure   Level  Hunger
a - Confusing Touch       Hex            #.....       12%         1    None
b - Spider Form           Tmut/Pois      ##........   16%         3    ###....
c - Beastly Appendage     Tmut           ###...       1%          1    None
d - Ice Form              Ice/Tmut       ##......     38%         4    ####...
w - Sticks to Snakes      Tmut           ###.....     2%          2    ##.....

Your spell library contained the following spells:

 Spells                   Type           Power        Failure   Level  Hunger
 Confuse                  Hex            #.......     36%         3    ###....
 Petrify                  Tmut/Erth      ##......     54%         4    ####...
 Gell's Gravitas          Tloc           #.........   58%         3    ###....
 Blade Hands              Tmut           ###.......   43%         5    ######.
 Yara's Violent Unravell  Hex/Tmut       ##........   78%         5    ######.
 Metabolic Englaciation   Hex/Ice        #.........   97%         5    ######.


Dungeon Overview and Level Annotations

Branches:
Dungeon (7/15)             Temple (1/1) D:7         Ossuary (visited)

Altars:
Ashenzari
Cheibriados
Dithmenos
Elyvilon
Gozag
Hepliaklqana
Makhleb
Nemelex Xobeh
Okawaru
Qazlal
Ru
Sif Muna
Trog
Uskayaw
Vehumet
Wu Jian
Zin
The Shining One

Annotations:
D:7 1 transporter


Innate Abilities, Weirdness & Mutations

You reflexively headbutt those who attack you in melee.
You have a pair of horns on your head.


Message History

You bite the two-headed ogre!
The two-headed ogre is moderately wounded.
The two-headed ogre barely misses you.
The two-headed ogre completely misses you.
You bite the two-headed ogre!
The two-headed ogre looks as sick as possible!
The two-headed ogre is heavily wounded.
Your transformation has ended.
Your +0 pair of gloves unmelds from your body.
Your +1 pair of boots unmelds from your body.
Your +3 leather armour unmelds from your body.
The two-headed ogre hits you with a +0 giant spiked club.
* * * LOW HITPOINT WARNING * * *
The two-headed ogre misses you.
You hit the two-headed ogre.
The two-headed ogre is severely wounded.
You hit the two-headed ogre. You headbutt the two-headed ogre!
The two-headed ogre is almost dead.
The two-headed ogre hits you with a +0 giant spiked club.
You die...

.# .... ## .## ... #....# ...
. ### ... ##.##.##.## .# ..#
...###.........#..# ..# ..#
#................. #..# ..#
#..#..⌠...⌠..# #...# ..#
#..#.....)...### ....# ..##
#......@O.....##.....
...#########.........#.#......
........>..#..⌠...⌠..#..).....
......####..........)[<..O....
........##.#.........#........
...........##.##.##.##........
#####.....##..........o.......
#.......#..........#.......
#.......##.....<...##......


You could see a two-headed ogre.

Vanquished Creatures
  Sigmund (D:3)
  A hornet zombie (D:6)
  An ice beast (D:5)
  A sky beast (D:6)
  A phantom (D:4)
  An ogre (D:7)
  A centaur (D:5)
  A bullfrog (D:6)
  A water moccasin zombie (Ossuary)
  A wyvern skeleton (D:6)
  2 scorpions
  9 wights (D:6)
  2 crimson imps
  2 jellies
  A gnoll shaman (D:4)
  2 hounds
  3 orc priests
  4 orc wizards
  An iguana (D:6)
  A worker ant (D:5)
  Ijyb (D:5)
  2 killer bee zombies
  A big kobold zombie (Ossuary)
  2 mummies (Ossuary)
  3 gnolls (D:4)
  10 adders
  A howler monkey skeleton (D:2)
  2 shadow imps
  An ooze (D:1)
  2 adder zombies
  5 worms
  3 dart slugs
  9 leopard geckos
  16 orcs
  5 bats
  2 giant cockroaches
  2 gnoll zombies (Ossuary)
  10 goblins
  10 hobgoblins
  6 jackals
  8 kobolds
  3 quokkas
  3 ball pythons
  3 frilled lizards
  A goblin skeleton (D:4)
  2 goblin zombies (D:4)
  6 hobgoblin zombies (Ossuary)
  A kobold skeleton (D:4)
  7 kobold zombies
  A leopard gecko skeleton (D:4)
  4 orc zombies (Ossuary)
  A quokka skeleton (D:6)
  10 rats
180 creatures vanquished.

Vanquished Creatures (collateral kills)
  An orc warrior (D:5)
1 creature vanquished.

Grand Total: 181 creatures vanquished

Notes
Turn   | Place    | Note
-------+----------+-------------------------------------------
     0 | D:1      | mopl the Minotaur Transmuter began the quest for the Orb.
     0 | D:1      | Reached XP level 1. HP: 16/16 MP: 1/1
   193 | D:1      | Reached XP level 2. HP: 23/23 MP: 3/3
   199 | D:1      | Learned a level 2 spell: Sticks to Snakes
   290 | D:1      | Reached skill level 2 in Transmutations
   649 | D:1      | Reached XP level 3. HP: 27/28 MP: 4/4
   778 | D:1      | Reached skill level 2 in Spellcasting
   813 | D:1      | Learned a level 3 spell: Spider Form
  1356 | D:2      | Reached XP level 4. HP: 27/35 MP: 6/6
  1391 | D:2      | Found an ornate altar of the Wu Jian Council.
  1819 | D:3      | Reached XP level 5. HP: 32/40 MP: 7/7
  1902 | D:3      | Noticed Sigmund
  1999 | D:3      | Reached skill level 3 in Transmutations
  2051 | D:3      | Reached skill level 4 in Unarmed Combat
  2083 | D:3      | Killed Sigmund
  2083 | D:3      | Reached skill level 1 in Throwing
  2083 | D:3      | Reached skill level 1 in Poison Magic
  2083 | D:3      | Reached XP level 6. HP: 21/47 MP: 5/9
  2323 | D:3      | Noticed a +0 hand axe
  2324 | D:3      | Found a hide-covered altar of Uskayaw.
  2324 | D:3      | Noticed a +0 hand axe
  2521 | D:3      | Found a burning altar of Makhleb.
  2607 | D:4      | Found a glowing golden altar of the Shining One.
  2673 | D:4      | Reached skill level 3 in Spellcasting
  3293 | D:4      | Reached skill level 2 in Throwing
  3293 | D:4      | Reached skill level 4 in Transmutations
  3293 | D:4      | Reached XP level 7. HP: 13/52 MP: 1/10
  3801 | D:5      | Entered Level 5 of the Dungeon
  3801 | D:5      | Noticed Ijyb
  3813 | D:5      | Killed Ijyb
  3830 | D:5      | Learned a level 4 spell: Ice Form
  3887 | D:5      | Reached skill level 5 in Unarmed Combat
  3933 | D:5      | Reached skill level 1 in Ice Magic
  4350 | D:5      | Reached skill level 3 in Throwing
  4530 | D:5      | Reached skill level 5 in Transmutations
  4530 | D:5      | Reached XP level 8. HP: 56/59 MP: 11/11
  4895 | D:6      | Found a sand-covered staircase.
  4981 | Ossuary  | Entered an ossuary
  5183 | Ossuary  | Learned a level 1 spell: Confusing Touch
  5486 | D:6      | Reached skill level 2 in Ice Magic
  5722 | D:6      | Reached skill level 6 in Unarmed Combat
  5748 | D:6      | Reached skill level 1 in Hexes
  5971 | D:6      | Reached skill level 4 in Throwing
  5979 | D:6      | Reached skill level 6 in Transmutations
  6706 | D:7      | Reached XP level 9. HP: 64/64 MP: 6/13
  6988 | D:7      | Found a staircase to the Ecumenical Temple.
  6998 | D:7      | Noticed a two-headed ogre
  7178 | D:7      | Found a transporter.
  7232 | Temple   | Entered the Ecumenical Temple
  7277 | Temple   | Became a worshipper of Cheibriados the Contemplative
  7308 | D:7      | HP: 1/96 [two-headed ogre/+0 giant spiked club (6)]
  7310 | D:7      | Slain by a two-headed ogre

Levels and vault maps discovered:
D:1:      nzn_arrival_water_spiral, layout_basic, minmay_misc_feat_tower,
          minmay_3d_cube
D:2:      layout_loops_ring, overflow_temple_1_default
D:3:      layout_rooms, makhleb_grotto_becter, dancing_weapons_uskayaw,
          first_ration, grunt_ministairs_4, uniq_sigmund
D:4:      layout_basic, nicolae_tso_besieged_by_evil
D:5:      layout_cave_pools, uniq_ijyb
D:6:      layout_loops_ring, nicolae_ossuary_entry_monument,
          supply_closet_lemuel, minmay_misc_feat_secret_circle
D:7:      layout_rooms, lemuel_doored_altar,
          grunt_temple_overflow_growth_and_decay,
          minmay_temple_entry_large_hall, gammafunk_ghost_berserking_beasts
Temple:   zaba_magenta_temple

Skill      XL: |  1  2  3  4  5  6  7  8 |
---------------+-------------------------+-----
Transmutations | 2 3 4 5 6 |  6.3
Spellcasting   | 2 3 |  3.6
Unarmed Combat | 4 5 6 |  6.5
Throwing       | 1 2 3 4 |  4.4
Poison Magic   | 1 |  1.2
Ice Magic      | 1 2 |  2.0
Hexes          | 1 |  1.6
Fighting       | |  1.3
Dodging        | |  2.2
Invocations    | |  0.2

Action                   |  1- 3 |  4- 6 |  7- 9 || total
-------------------------+-------+-------+-------++-------
Melee: Unarmed           |   115 |   187 |   334 ||   636
       Headbutt          |    12 |    22 |    49 ||    83
       Punch             |       |     2 |     4 ||     6
Throw: Stone             |       |       |     5 ||     5
 Cast: Beastly Appendage |     1 |       |       ||     1
       Spider Form       |       |     2 |    12 ||    14
       Sticks to Snakes  |       |     4 |     2 ||     6
 Abil: End Transformatio |       |       |     2 ||     2
Evoke: Wand              |       |       |     8 ||     8
  Use: Scroll            |       |     6 |     5 ||    11
       Potion            |       |     2 |     3 ||     5
 Stab: Paralysed         |       |       |     6 ||     6
  Eat: Chunk             |     2 |     6 |    25 ||    33
       Ration            |       |       |     1 ||     1
Armor: Leather armour    |    35 |    41 |    79 ||   155
       Skin              |       |       |     2 ||     2
Dodge: Dodged            |    61 |   127 |   195 ||   383

Table legend:
 A = Non-vault XP
 B = Vault XP
 C = Vault XP percentage of total XP
 D = Non-vault monster count
 E = Vault monster count
 F = Vault count percentage of total count
                 A         B        C        D         E       F
            +---------+---------+-------+---------+---------+-------
      Total |    2759 |     480 |  14.8 |     143 |      38 |  21.0
            +---------+---------+-------+---------+---------+-------
        D:1 |      48 |       6 |  11.1 |      25 |       4 |  13.8
        D:2 |     123 |       0 |   0.0 |      28 |       0 |   0.0
        D:3 |      68 |     220 |  76.4 |      23 |       4 |  14.8
        D:4 |     245 |      55 |  18.3 |      13 |       6 |  31.6
        D:5 |     659 |      33 |   4.8 |      13 |       1 |   7.1
        D:6 |    1372 |       0 |   0.0 |      32 |       0 |   0.0
        D:7 |     244 |       0 |   0.0 |       9 |       0 |   0.0
    Ossuary |       0 |     166 | 100.0 |       0 |      23 | 100.0
            +---------+---------+-------+---------+---------+-------
